 Dungeon Crawl Stone Soup version 0.27.1 (webtiles) character file.

Game seed: 5641883075239674832

3598 bnorton916 the Jinx (level 9, -5/45 HPs)
             Began as a Deep Elf Conjurer on Aug 27, 2021.
             Was an Initiate of Gozag.
             Slain by a manticore (12 damage)
             ... on level 7 of the Dungeon.
             The game lasted 00:15:22 (9719 turns).

bnorton916 the Jinx (Deep Elf Conjurer)             Turns: 9719, Time: 00:15:22

Health: -5/45      AC: 12    Str:  7    XL:     9   Next: 85%
Magic:  8/19       EV: 14    Int: 27    God:    Gozag
Gold:   644        SH:  5    Dex: 13    Spells: 8/19 levels left

rFire    + . .     SeeInvis .   P - staff of conjuration
rCold    . . .     Faith    .   l - +0 buckler
rNeg     . . .     Spirit   .   A - +1 robe {rF+}
rPois    .         Reflect  .   O - +2 hat
rElec    .         Harm     .   (no cloak)
rCorr    +         Rampage  .   m - +1 pair of gloves {Str+3}
Will     .....                  M - +0 pair of boots
Stlth    ++........             (no amulet)
HPRegen  0.15/turn              D - +4 ring of protection
MPRegen  0.16/turn              N - ring of resist corrosion

@: gold aura
A: no striking features
a: Renounce Religion, Potion Petition, Call Merchant, Bribe Branch


You were on level 7 of the Dungeon.
You worshipped Gozag.
Gozag was pleased with you.
You visited 1 branch of the dungeon, and saw 7 of its levels.

You collected 825 gold pieces.
You spent 77 gold pieces at shops.
You paid 104 gold pieces to Gozag.

Inventory:

Hand Weapons
 g - a +2 vampiric short sword
 n - a +4 short sword
 t - a +3 dagger
 x - a +0 dagger of venom
 I - a +1 dagger of holy wrath
Missiles
 h - 113 stones
Armour
 l - a +0 buckler (worn)
 m - a +1 pair of gloves of strength (worn)
 o - a +1 helmet
 A - a +1 robe of fire resistance (worn)
 M - a +0 pair of boots (worn)
 O - a +2 hat (worn)
 R - a +1 leather armour of willpower
Magical Staves
 C - a staff of air
 P - a staff of conjuration (weapon)
Jewellery
 D - a +4 ring of protection (left hand)
 F - a ring of positive energy
 J - a ring of protection from fire
 N - a ring of resist corrosion (right hand)
Wands
 y - a wand of acid (20)
 B - a wand of digging (10)
 K - a wand of flame (32)
Scrolls
 b - a scroll of blinking
 d - 3 scrolls of fog
 e - a scroll of teleportation
 i - a scroll of summoning
 j - 2 scrolls of enchant weapon {unknown}
 k - 2 scrolls of acquirement {unknown}
 p - 2 scrolls of brand weapon {unknown}
 r - 2 scrolls of magic mapping {unknown}
 u - a scroll of holy word {unknown}
 v - a scroll of vulnerability {unknown}
 H - a scroll of immolation {unknown}
 Q - a scroll of noise {unknown}
Potions
 a - 2 potions of ambrosia {unknown}
 c - 2 potions of flight
 f - 3 potions of curing
 q - 2 potions of heal wounds
 s - 4 potions of mutation
 w - a potion of degeneration {unknown}
 z - a potion of lignification {unknown}
 E - 2 potions of might {unknown}
 G - a potion of resistance {unknown}
 L - a potion of cancellation {unknown}


   Skills:
 + Level 5.2 Dodging
 - Level 2.4 Stealth
 - Level 5.2 Shields
 - Level 5.5 Spellcasting
 + Level 7.4 Conjurations
 - Level 9.2 Hexes
 - Level 7.7 Translocations


You had 8 spell levels left.
You knew the following spells:

 Your Spells              Type           Power      Damage    Failure   Level
a - Magic Dart            Conj           100%       1d8       1%          1
b - Searing Ray           Conj           100%       3d7       1%          2
c - Fulminant Prism       Conj/Hex       34%        3d16      2%          4
d - Iskenderun's Mystic   Conj/Tloc      64%        2d13      3%          4

Your spell library contained the following spells:

 Spells                   Type           Power      Damage    Failure   Level
 Dazzling Flash           Conj/Hex       100%       N/A       1%          3


Dungeon Overview and Level Annotations

Branches:
Dungeon (7/15)             Temple (0/1) D:5

Altars:
Ashenzari
Cheibriados
Gozag
Nemelex Xobeh
Ru
Wu Jian

Shops:
D:1 *?([[   D:4 *

Annotations:
D:3 Sabo's ghost, novice GrFi
D:4 DunceCap's ghost, amateur HOFi; a11behringer's ghost, amateur MiHu


Message History

The steam dragon breathes steam at you. The ball of steam hits you. You resist.
The searing ray misses the steam dragon.
You finish channeling your searing ray.
The steam dragon misses you. The steam dragon claws you.
Unknown command.
Casting: Searing Ray (safe; 1% risk of failure)
Confirm with . or Enter, or press ? or * to list all spells.
Aiming: Searing Ray (safe; 1% risk of failure)
Press: ? - help, Shift-Dir - straight line, f/p - steam dragon
Aim: a steam dragon (steam, severely wounded, catching its breath, 83% to hit)
You feel a surge of power!
The searing ray hits the steam dragon!
You kill the steam dragon! (Press . to maintain the ray.)
Your Dodging skill increases to level 5!
Casting: Searing Ray (safe; 1% risk of failure)
Confirm with . or Enter, or press ? or * to list all spells.
Restarting spell: Searing Ray (safe; 1% risk of failure)
Press: ? - help, Shift-Dir - straight line, f - manticore
Aim: a manticore (steam, 90% to hit)
You feel a surge of power!
The searing ray hits the manticore!
The manticore is lightly wounded. (Press . to maintain the ray.)
The manticore is engulfed in a cloud of scalding steam.
The manticore bites you! The manticore closely misses you.
The manticore claws you!
The searing ray hits the manticore!
The manticore is moderately wounded.
The manticore is engulfed in a cloud of scalding steam.
The manticore bites you!
* * * LOW HITPOINT WARNING * * *
The manticore completely misses you. The manticore closely misses you.
The searing ray hits the manticore!
The manticore is severely wounded.
The manticore closely misses you. You block the manticore's attack. x2
The searing ray hits the manticore.
The manticore is almost dead.
You finish channeling your searing ray.
The manticore bites you!
You die...
Your body crumbles into a pile of gold.

#.#
#.≈.#...#.≈..#
#.#
#.≈.#._.#.≈..#
###.#
#.≈.#...#.≈..#
....#
##.≈.###)#.≈..#
.####
#..≈)......≈..#
.#
#..≈≈≈≈≈≈≈.≈.##
.##
#............#
#.##
###.#####.######
##.###
#.@.......#
##..#
#H#########
##.#.# #. #.##.#
#. .###.# #. .#
#.# #. .# #.. ..
.# ### ## ##


You could see a manticore.

Vanquished Creatures
  Pikel (D:5)
  Joseph (D:7)
  A wyvern (D:5)
  3 steam dragons
  2 orc warriors (D:6)
  2 necrophages
  A hornet zombie (D:6)
  3 ice beasts
  A black bear (D:5)
  A sky beast (D:5)
  An ogre (D:6)
  3 lemures (D:5)
  Blork the orc (D:4)
  A kobold brigand (D:3)
  2 bullfrogs
  A wyvern zombie (D:6)
  2 water moccasin zombies (D:6)
  A howler monkey (D:6)
  A centaur zombie (D:6)
  3 hounds
  An orc priest (D:5)
  A bullfrog zombie (D:5)
  3 jellies
  A centaur skeleton (D:3)
  Jessica (D:2)
  2 bullfrog skeletons
  4 iguanas
  Ijyb (D:4)
  3 orc wizards
  A killer bee zombie (D:6)
  A mummy (D:4)
  A hound skeleton (D:4)
  A gnoll (D:1)
  2 howler monkey zombies
  8 adders
  A white imp (D:7)
  An ufetubus (D:6)
  7 dart slugs
  19 orcs
  6 bats
  7 endoplasms
  5 giant cockroaches
  3 hobgoblins
  9 kobolds
  7 quokkas
  3 ball pythons
  3 frilled lizards
  8 goblins
  3 rats
145 creatures vanquished.

Vanquished Creatures (others)
  An orc (D:6)
  3 fulminant prisms
4 creatures vanquished.

Grand Total: 149 creatures vanquished

Notes
Turn   | Place    | Note
-------+----------+-------------------------------------------
     0 | D:1      | bnorton916 the Deep Elf Conjurer began the quest for the
                  | Orb.
     0 | D:1      | Reached XP level 1. HP: 10/10 MP: 6/6
   110 | D:1      | Found Faath's Magic Scroll Shop.
   116 | D:1      | Reached XP level 2. HP: 15/15 MP: 2/8
   187 | D:1      | Bought a scroll of identify for 22 gold pieces
   187 | D:1      | Bought a scroll of fog for 22 gold pieces
   187 | D:1      | Bought a scroll of teleportation for 33 gold pieces
   226 | D:1      | Found Gutixic's Armour Emporium.
   328 | D:1      | Found Joath's Antique Armour Shoppe.
   372 | D:1      | Found Yczuoxybb's Antique Weapon Boutique.
   454 | D:1      | Reached skill level 5 in Conjurations
   454 | D:1      | Reached XP level 3. HP: 19/19 MP: 6/10
   545 | D:1      | Found a faded altar of an unknown god.
   611 | D:1      | Found Umoklurgh's Assorted Antiques.
  1382 | D:2      | Reached XP level 4. HP: 24/24 MP: 9/12
  1623 | D:2      | Learned a level 2 spell: Searing Ray
  2009 | D:2      | Noticed Jessica
  2012 | D:2      | Killed Jessica
  2013 | D:2      | Reached skill level 5 in Spellcasting
  2320 | D:3      | Reached XP level 5. HP: 28/28 MP: 9/15
  2325 | D:3      | Learned a level 4 spell: Fulminant Prism
  2330 | D:3      | Learned a level 4 spell: Iskenderun's Mystic Blast
  2384 | D:3      | Reached skill level 1 in Hexes
  2386 | D:3      | Reached skill level 1 in Translocations
  2734 | D:3      | Reached skill level 2 in Hexes
  3010 | D:3      | Found a sacrificial altar of Ru.
  3095 | D:3      | Reached skill level 3 in Hexes
  3095 | D:3      | Reached XP level 6. HP: 25/32 MP: 7/16
  3830 | D:4      | Noticed Ijyb
  3841 | D:4      | Killed Ijyb
  3864 | D:4      | Found a snail-covered altar of Cheibriados.
  4031 | D:4      | Found a runed translucent gate.
  4031 | D:4      | Found a runed translucent gate.
  4031 | D:4      | Found Qiw Meci's General Store.
  4032 | D:4      | Found a runed translucent gate.
  4046 | D:4      | Noticed Blork the orc
  4062 | D:4      | Noticed DunceCap's ghost (amateur HOFi)
  4062 | D:4      | Noticed Sabo's ghost (novice GrFi)
  4063 | D:4      | Noticed a11behringer's ghost (amateur MiHu)
  4070 | D:4      | Killed Blork the orc
  4071 | D:4      | Reached skill level 4 in Hexes
  4611 | D:5      | Entered Level 5 of the Dungeon
  4614 | D:5      | Found an opulent altar of Gozag.
  4617 | D:5      | Noticed a wyvern
  4625 | D:5      | Reached skill level 1 in Shields
  4630 | D:5      | Killed a wyvern
  4631 | D:5      | Reached XP level 7. HP: 14/36 MP: 5/17
  4928 | D:5      | Became a worshipper of Gozag Ym Sagoz the Greedy
  5067 | D:5      | Reached skill level 5 in Hexes
  5372 | D:5      | Found an ornate altar of the Wu Jian Council.
  5395 | D:5      | Found a sparkling altar of Nemelex Xobeh.
  5594 | D:5      | Noticed Pikel
  5599 | D:5      | Killed Pikel
  5600 | D:5      | Reached skill level 6 in Hexes
  5600 | D:5      | Reached skill level 5 in Translocations
  5600 | D:5      | Reached XP level 8. HP: 19/41 MP: 12/18
  6013 | D:5      | Reached skill level 7 in Hexes
  6190 | D:5      | Found a staircase to the Ecumenical Temple.
  6745 | D:6      | Reached skill level 8 in Hexes
  7143 | D:6      | Reached XP level 9. HP: 28/45 MP: 0/19
  8132 | D:6      | Reached skill level 5 in Shields
  8132 | D:6      | Reached skill level 9 in Hexes
  9056 | D:7      | Noticed Joseph
  9061 | D:7      | Killed Joseph
  9676 | D:7      | Found a broken altar of Ashenzari.
  9710 | D:7      | Noticed a manticore
  9716 | D:7      | Reached skill level 5 in Dodging
  9719 | D:7      | Slain by a manticore

Illustrated notes

Levels and vault maps discovered:
D:1:      lemuel_arrival_river_ford, layout_basic, serial_shops, shop_coins,
          shop, shop, nicolae_shop_temple_entry_statues_fountains, shop,
          chequers_ecumenical_altar_simple_redux
D:2:      layout_loops_ring, kennysheep_generic_room_3, uniq_jessica
D:3:      layout_basic, nicolae_ru_awakened_eye
D:4:      layout_cave_pools, slow_altar_1, mainiacjoe_overflow_alcove_2,
          gammafunk_ghost_cemetery, serial_shops, nicolae_shop_waterfront,
          minivault_26, uniq_ijyb, uniq_blork_the_orc
D:5:      layout_cave_pools, nicolae_gozag_cash_rules_everything_around_me,
          mainiacjoe_overflow_swirl, minmay_temple_entry_poolview, uniq_pikel
D:6:      layout_basic, serial_undead, serial_undead_e, serial_undead_e,
          serial_undead_d, serial_undead_b, kennysheep_generic_room_7
D:7:      layout_loops_ring, mainiacjoe_overflow_brackets, uniq_joseph

Skill      XL: |  1  2  3  4  5  6  7  8  9 |
---------------+----------------------------+-----
Conjurations   | 5 6 7 |  7.4
Spellcasting   | 4 5 |  5.5
Hexes          | 3 4 6 8 9 |  9.2
Translocations | 2 4 5 6 7 |  7.7
Shields        | 1 3 4 5 |  5.2
Dodging        | 5 |  5.2
Stealth        | |  2.4

Action                   |  1- 3 |  4- 6 |  7- 9 || total
-------------------------+-------+-------+-------++-------
Melee: Short sword       |       |     9 |    16 ||    25
       Dagger            |       |       |    34 ||    34
 Cast: Magic Dart        |    64 |   116 |    96 ||   276
       Searing Ray       |       |    10 |    36 ||    46
       Iskenderun's Myst |       |     2 |     6 ||     8
       Fulminant Prism   |       |     1 |     3 ||     4
Evoke: Wand              |       |     1 |     1 ||     2
  Use: Scroll            |     1 |     4 |     1 ||     6
Armor: Robe              |       |     6 |    52 ||    58
Dodge: Dodged            |     2 |    26 |    72 ||   100
Block: Buckler           |       |       |     4 ||     4
